 Dungeon Crawl Stone Soup version 0.32-a0-871-ge202e49faa (webtiles) character file.

Game seed: 2038738072399778693

10813 HilariousDeathArtist the Prestidigitator (level 11, -3/87 HPs)
             Began as a Coglin Summoner on Mar 29, 2024.
             Was an Initiate of Sif Muna.
             Killed by divine providence
             ... invoked by a meliai
              (11 damage)
             ... in a Gauntlet.
             The game lasted 00:15:29 (10152 turns).

HilariousDeathArtist the Prestidigitator (CoSu)    Turns: 10152, Time: 00:15:30

Health: -3/87      AC:  9    Str:  5    XL:     11   Next: 68%
Magic:  20/20      EV: 12    Int: 19    God:    Sif Muna [......]
Gold:   628        SH:  0    Dex: 13    Spells: 17/22 levels left

rFire   . . .        a - +9 spear of Magnificence {protect, Fly Will++ rCorr Str-2}
rCold   + . .        g - +7 demon trident of Pain and Death {venom, rElec rC+}
rNeg    + . .        H - +0 troll leather armour
rPois   +            (no helmet)
rElec   +            x - +2 ratskin cloak {*Rats rPois rN+ Str-1 Int-1 Dex+1}
rCorr   +            o - +2 pair of gloves
SInv    .            (no boots)
Will    ++...        (amulet unavailable)
Stlth   ++           (ring unavailable)
HPRegen 1.14/turn    (ring unavailable)
MPRegen 0.17/turn    (no gizmo)

%: no teleportation
@: flying, revving
A: off-hand wielding, slow wielding, warmup strikes, no jewellery, clumsy 1,
inability to read after injury 1
a: Invent Gizmo, Renounce Religion


You were in a Gauntlet.
You worshipped Sif Muna.
Sif Muna was noncommittal.
You visited 2 branches of the dungeon, and saw 12 of its levels.
You also visited: Gauntlet.

You collected 628 gold pieces.

Inventory:

Hand Weapons
 a - the +9 spear of Magnificence (weapon) {protect, Fly Will++ rCorr Str-2}
   (You found it on level 5 of the Dungeon)

   Str-2:     It affects your strength (-2).
   Will++:    It greatly increases your willpower.
   Fly:       It grants you flight.
   rCorr:     It protects you from acid and corrosion.
 g - the +7 demon trident of Pain and Death (offhand) {venom, rElec rC+}
   (You acquired it on level 3 of the Dungeon)

   rC+:       It protects you from cold.
   rElec:     It insulates you from electricity.
Armour
 b - a +2 cloak of preservation
   (You found it in a Gauntlet)
 o - a +2 pair of gloves (worn)
   (You found it on level 4 of the Dungeon)
 x - the +2 ratskin cloak (worn) {*Rats rPois rN+ Str-1 Int-1 Dex+1}
   (You found it on level 7 of the Dungeon)

   *Rats:     When the wearer is hurt, rats may emerge from it to assist them.
   Str-1:     It affects your strength (-1).
   Int-1:     It affects your intelligence (-1).
   Dex+1:     It affects your dexterity (+1).
   rPois:     It protects you from poison.
   rN+:       It protects you from negative energy.
 H - a +0 troll leather armour (worn)
   (You found it on level 11 of the Dungeon)
Wands
 i - a wand of iceblast (7)
   (You took it off a goblin on level 3 of the Dungeon)
 p - a wand of paralysis (12)
   (You took it off Pikel on level 8 of the Dungeon)
Scrolls
 f - a scroll of butterflies
 j - a scroll of revelation
 k - a scroll of amnesia
 D - a scroll of blinking {!r}
 E - 2 scrolls of enchant weapon
 G - a scroll of poison {unknown}
 Y - a scroll of teleportation {@r3}
Potions
 d - 4 potions of enlightenment {unknown}
 e - 8 potions of curing {unknown}
 t - a potion of resistance {unknown}
 v - 2 potions of cancellation
 w - 2 potions of berserk rage {unknown}
 A - a potion of heal wounds {unknown}
 B - a potion of brilliance
 F - 2 potions of haste {unknown}
 I - a potion of invisibility
 M - a potion of magic
 P - a potion of lignification {!q}
 U - 2 potions of mutation {!q}


   Skills:
 + Level 8.7 Fighting
 + Level 6.9 Polearms
 + Level 6.4 Dodging
 - Level 1.5 Stealth
 + Level 6.1 Spellcasting
 + Level 8.0 Summonings
 + Level 9.5 Evocations


You had 17 spell levels left.
You knew the following spells:

 Your Spells              Type           Power      Damage    Failure   Level
a - Call Canine Familiar  Summ           36%        N/A       1%          3
c - Call Imp              Summ           72%        N/A       1%          2

Your spell library contained the following spells:

 Spells                   Type           Power      Damage    Failure   Level
 Summon Small Mammal      Summ           100%       N/A       1%          1
 Shock                    Conj/Air       20%        1d4       19%         1
 Static Discharge         Conj/Air       10%        3-4/arc   28%         2
 Sublimation of Blood     Necr           5%         N/A       28%         2
 Animate Armour           Summ/Erth      42%        N/A       34%         4
 Summon Blazeheart Golem  Fire/Summ      21%        N/A       34%         4
 Summon Lightning Spire   Summ/Air       21%        N/A       34%         4
 Inner Flame              Hex/Fire       5%         N/A       50%         3
 Swiftness                Air            5%         N/A       50%         3
 Volatile Blastmotes      Fire/Tloc      10%        2d10      50%         3
 Airstrike                Air            2%         2d(1-17)  88%         4
 Flame Wave               Conj/Fire      5%         2d5       88%         4
 Fulminant Prism          Conj/Alch      2%         3d5       88%         4
 Iskenderun's Mystic Bla Conj/Tloc 5%             2d3        (+2d1     88%         4
 Sticky Flame             Fire/Alch      5%         2d4       88%         4
 Lee's Rapid Deconstruct  Erth           2%         3d5*      99%         5
 Summon Hydra             Summ           18%        N/A       99%         7


Dungeon Overview and Level Annotations

Branches:
Dungeon (11/15)            Temple (1/1) D:4            Lair (0/5) D:10
    Orc (0/2) D:9         Gauntlet (1/1)

Altars:
Ashenzari
Cheibriados
Dithmenos
Elyvilon
Fedhas
Gozag
Hepliaklqana
Kikubaaqudgha
Makhleb
Nemelex Xobeh
Okawaru
Qazlal
Ru
Sif Muna
Trog
Uskayaw
Vehumet
Wu Jian
Xom
Yredelemnul
Zin
The Shining One
Lugonu

Portals:
Trove: D:10 (give +4 shadow dragon scales)

Annotations:
D:2 1 runed translucent door, Crazy Yiuf Gauntlet 7 transporters


Innate Abilities, Weirdness & Mutations

You can wield a second weapon in your off-hand.
It takes a long time for you to wield or remove held weapons.
Your first few attacks do less damage.
You cannot equip rings or amulets.
You are clumsy. (Dex -2)
You occasionally lose the ability to read scrolls when taking damage.


Message History

The thrashing horror churns violently!
The thrashing horror seems to grow stronger.
The small abomination closely misses you.
You hit the small abomination with the +7 demon trident of Pain and Death.
You barely miss the small abomination with the +9 spear of Magnificence.
The small abomination hits you!
A hell rat scurries out from under your cloak.
The thrashing horror tramples you but does no damage.
The thrashing horror closely misses you.
You take 11 damage, and have 61/87 hp.
You puncture the thrashing horror with the +9 spear of Magnificence!
You hit the thrashing horror but do no damage.
The thrashing horror tramples you.
A hell rat scurries out from under your cloak.
You hold your ground!
The thrashing horror tramples you.
You hold your ground!
The small abomination barely misses you.
Your hell rat bites the small abomination.
You take 6 damage, and have 55/87 hp.
You puncture the thrashing horror with the +7 demon trident of Pain and Death!
You destroy the thrashing horror!
Sif Muna accepts your kill.
The small abomination hits you but does no damage.
Your hell rat barely misses the small abomination. x2
Your Summonings skill increases to level 8!
You regained 2 hp, and now have 57/87 hp.
You hit the small abomination but do no damage.
You hit the small abomination with the +7 demon trident of Pain and Death.
The small abomination hits you!
Your hell rat bites the small abomination!
Your hell rat bites the small abomination.
You take 9 damage, and have 48/87 hp.
You are too injured to fight recklessly!
You are too injured to fight recklessly!
You are too injured to fight recklessly!
You are too injured to fight recklessly!
You are too injured to fight recklessly!
You are too injured to fight recklessly!
You hit the small abomination with the +7 demon trident of Pain and Death.
You destroy the small abomination!
Sif Muna accepts your kill.
Your hell rat returns to the shadows of the Dungeon!
Your hell rat returns to the shadows of the Dungeon!
You pick up a book of Iron and begin reading...
You add the spells Animate Armour and Lee's Rapid Deconstruction to your library.
Health restored: 87
b - a +2 cloak of preservation
Okay, then.
There is a transporter here.
U - 2 potions of mutation {!q} (gained 1)
There is a transporter here.
You enter the transporter and appear at another place.
The meliai buzzes angrily. x2
There is a transporter here.
You enter the transporter and appear at another place.
The meliai invokes the aid of its god against you.
Something smites you!
You take 11 damage, and have 76/87 hp.
Okay, then.
Okay, then.
Okay, then.
Okay, then.
Okay, then.
Press: ? - help, Shift-Dir - straight line, f - meliai
Aim: a meliai, wielding a +0 hand axe and wearing a +0 leather armour The mass of ice explodes!
The iceblast engulfs the meliai!!
The iceblast engulfs you. You partially resist.
The iceblast engulfs the meliai!
The meliai completely misses you.
The meliai stings you but does no damage.
The meliai mumbles some strange prayers to its god against you.
Something smites you!
You take 10 damage, and have 66/87 hp.
Press: ? - help, Shift-Dir - straight line, p - meliai
Okay, then.
You closely miss the meliai with the +7 demon trident of Pain and Death.
You closely miss the meliai with the +9 spear of Magnificence.
The meliai hits you with a +0 hand axe! The meliai closely misses you.
The meliai hits you with a +0 broad axe!
The meliai completely misses you.
The meliai calls upon its god to heal the meliai.
The meliai's wounds heal themselves!
You take 27 damage, and have 39/87 hp.
MASSIVE DAMAGE!!
Press: ? - help, Shift-Dir - straight line, f/p - meliai
Aim: a meliai, wielding a +0 hand axe and wearing a +0 leather armour (almost dead)
The mass of ice explodes!
The iceblast engulfs the meliai!
You kill the meliai!
Sif Muna accepts your kill.
The iceblast engulfs the meliai!
The iceblast engulfs you! You partially resist.
* * * LOW HITPOINT WARNING * * *
The iceblast engulfs the meliai!!
The meliai closely misses you. The meliai stings you.
* * * LOW HITPOINT WARNING * * *
The meliai hits you with a +0 broad axe!
* * * LOW HITPOINT WARNING * * *
The meliai stings you but does no damage.
The meliai mumbles some strange prayers to its god against you.
Something smites you!
You die...

#########################
#§§......................
###§§......................
#ß#§§###########...########
###..#...#.#...#.ß.#.......
#..#..#...#..#...#.##.##.
#####..#[##...##.#####.#.....
#≈ß≈#..#(.##.#..##...#.#.##.#
#...#..#©.#.@y...#©.©#©..#©.#
#.ß.#..#/.##y#..##...#..##.##
##...#..#.##...##.#####..#..#.
...ß.#..#..#...#..#...#.##.##.
##...#..#...#.#...#...#.......
#...#..###########...########
##.©.#≈.............≈.........
.....#∩............≈ß≈........
##.©.#≈.............≈.........


You could see 2 meliai.

Vanquished Creatures
  A two-headed ogre (D:10)
  A thrashing horror (Gauntlet)
  Pikel (D:8)
  A shining eye (Gauntlet)
  A manticore (D:7)
  A meliai (Gauntlet)
  An unseen horror (D:10)
  A komodo dragon (D:10)
  3 trolls
  A glass eye (Gauntlet)
  8 yaks
  4 wyverns
  A basilisk (D:10)
  A golden eye (Gauntlet)
  4 water moccasins
  2 orc warriors
  2 sky beasts (D:6)
  An ice beast (D:5)
  5 black bears
  2 small abominations (Gauntlet)
  2 wolves (D:10)
  2 centaurs
  4 ogres
  A lemure (D:8)
  3 phantoms
  3 bullfrogs
  3 kobold brigands
  4 scorpions
  8 wights
  11 killer bees
  2 howler monkeys
  3 bombardier beetles
  3 jellies
  4 orc priests
  6 iguanas
  A sleepcap (D:8)
  Terence (D:2)
  2 orc wizards
  5 hell rats (D:7)
  4 gnolls (D:8)
  6 adders
  15 river rats (D:7)
  2 shadow imps
  A white imp (D:6)
  2 ufetubi (D:6)
  A ribbon worm (D:2)
  A dart slug (D:4)
  30 orcs
  9 ball pythons
  5 endoplasms
  4 giant cockroaches
  9 goblins
  4 hobgoblins
  2 jackals (D:1)
  3 quokkas
  5 bats
  A frilled lizard (D:3)
  23 kobolds
  7 rats
244 creatures vanquished.

Vanquished Creatures (collateral kills)
  A gnoll (D:1)
  An endoplasm (D:1)
  A giant cockroach (D:1)
  A hobgoblin (D:1)
  2 jackals (D:1)
  A ball python (D:3)
  A bat (D:3)
8 creatures vanquished.

Grand Total: 252 creatures vanquished

Notes
Turn   | Place    | Note
-------+----------+-------------------------------------------
     0 | D:1      | HilariousDeathArtist the Coglin Summoner began the quest
                  | for the Orb.
     0 | D:1      | Reached XP level 1. HP: 13/13 MP: 3/3
   100 | D:1      | Reached skill level 1 in Fighting
   121 | D:1      | Reached XP level 2. HP: 10/21 MP: 4/4
   395 | D:1      | Learned a level 2 spell: Call Imp
   439 | D:1      | Reached skill level 2 in Fighting
   519 | D:1      | Reached XP level 3. HP: 28/28 MP: 2/5
   901 | D:1      | Reached skill level 3 in Fighting
  1059 | D:2      | Identified the +1 ring mail of the Robin {+Inv rC+ Int-5
                  | Dex+4}
  1114 | D:2      | Found a broken altar of Ashenzari.
  1257 | D:2      | Reached XP level 4. HP: 33/35 MP: 6/6
  1267 | D:2      | Identified the +6 scale mail "Radwohes" {rC+ Dex+3}
  1397 | D:2      | Found a runed translucent door.
  1398 | D:2      | Noticed Crazy Yiuf
  1487 | D:2      | Noticed Terence
  1493 | D:2      | Killed Terence
  1494 | D:2      | Reached skill level 4 in Fighting
  2037 | D:3      | Found a hide-covered altar of Uskayaw.
  2089 | D:3      | Identified 2 scrolls of acquirement
  2089 | D:3      | Acquired a +3 demon blade of venom
  2101 | D:3      | Acquired the +7 demon trident of Pain and Death {venom,
                  | rElec rC+}
  2353 | D:3      | Found a radiant altar of Vehumet.
  2511 | D:3      | Reached XP level 5. HP: 42/42 MP: 7/7
  2538 | D:3      | Reached skill level 1 in Polearms
  2538 | D:3      | Noticed a black bear
  2555 | D:3      | Killed a black bear
  2556 | D:3      | Reached skill level 2 in Evocations
  2556 | D:3      | Reached XP level 6. HP: 49/49 MP: 8/8
  2558 | D:3      | Reached skill level 2 in Polearms
  3060 | D:4      | Reached skill level 5 in Fighting
  3066 | D:4      | Learned a level 3 spell: Call Canine Familiar
  3091 | D:4      | Reached skill level 3 in Evocations
  3170 | D:4      | Found a staircase to the Ecumenical Temple.
  3172 | D:4      | Reached skill level 2 in Spellcasting
  3180 | Temple   | Entered the Ecumenical Temple
  3220 | D:4      | Reached XP level 7. HP: 56/56 MP: 10/10
  4020 | D:4      | Reached skill level 3 in Polearms
  4202 | D:5      | Entered Level 5 of the Dungeon
  4244 | D:5      | Found a shadowy altar of Dithmenos.
  4247 | D:5      | Reached skill level 4 in Evocations
  4451 | D:5      | Reached skill level 2 in Dodging
  4475 | D:5      | Reached XP level 8. HP: 63/63 MP: 10/12
  4476 | D:5      | Identified the +9 spear of Magnificence {protect, Fly
                  | Will++ rCorr Str-2}
  4894 | D:6      | Reached skill level 3 in Spellcasting
  4894 | D:6      | Reached skill level 5 in Summonings
  4962 | D:6      | Reached skill level 5 in Evocations
  4969 | D:6      | Reached skill level 6 in Fighting
  4997 | D:6      | Reached skill level 3 in Dodging
  5062 | D:6      | Reached skill level 4 in Polearms
  5253 | D:6      | Reached XP level 9. HP: 69/70 MP: 14/14
  5366 | D:6      | Reached skill level 6 in Evocations
  5396 | D:6      | Found a white marble altar of Elyvilon.
  5670 | D:7      | Found a broken altar of Ashenzari.
  5692 | D:7      | Reached skill level 4 in Spellcasting
  5728 | D:7      | Reached skill level 4 in Dodging
  5733 | D:7      | Reached skill level 6 in Summonings
  5858 | D:7      | Reached skill level 7 in Fighting
  5880 | D:7      | Reached skill level 5 in Polearms
  5881 | D:7      | Reached skill level 7 in Evocations
  6032 | D:7      | Noticed a manticore
  6044 | D:7      | Killed a manticore
  6045 | D:7      | Reached XP level 10. HP: 38/79 MP: 15/17
  6412 | D:7      | Found the +2 ratskin cloak {*Rats rPois rN+ Str-1 Int-1
                  | Dex+1}
  6683 | D:8      | Reached skill level 5 in Dodging
  6719 | D:8      | Found a bloodstained altar of Trog.
  6772 | D:8      | Found the +5 robe of Misfortune {Harm *Corrode *Slow EV+5}
  6796 | D:8      | Found an ancient bone altar of Kikubaaqudgha.
  6905 | D:8      | Found an opulent altar of Gozag.
  6945 | D:8      | Reached skill level 5 in Spellcasting
  7264 | D:8      | Noticed Pikel
  7276 | D:8      | Killed Pikel
  7277 | D:8      | Reached skill level 8 in Evocations
  7290 | D:8      | Reached skill level 7 in Summonings
  7917 | D:9      | Reached skill level 6 in Polearms
  8094 | D:9      | Reached skill level 8 in Fighting
  8185 | D:9      | Found a staircase to the Orcish Mines.
  8570 | D:10     | Entered Level 10 of the Dungeon
  8639 | D:10     | Killed an unseen horror
  8640 | D:10     | Reached XP level 11. HP: 70/86 MP: 19/19
  8738 | D:10     | Found a transporter.
  8744 | D:10     | Found a transporter.
  8746 | D:10     | Found a transporter.
  8746 | D:10     | Found a transporter.
  8748 | D:10     | Found a transporter.
  8748 | D:10     | Found a transporter.
  8769 | D:10     | Found a staircase to the Lair.
  9025 | D:10     | Found a stormy altar of Qazlal.
  9038 | D:10     | Noticed a two-headed ogre
  9047 | D:10     | Killed a two-headed ogre
  9048 | D:10     | Reached skill level 6 in Dodging
  9048 | D:10     | Reached skill level 9 in Evocations
  9260 | D:10     | Found a portal to a secret trove of treasure.
  9495 | D:10     | Found a shimmering altar of Xom.
  9517 | D:10     | Found a sacrificial altar of Ru.
  9520 | D:10     | Found a burning altar of Makhleb.
  9520 | D:10     | Found a glowing golden altar of the Shining One.
  9521 | D:10     | Found a shimmering blue altar of Sif Muna.
  9534 | D:10     | Became a worshipper of Sif Muna the Loreminder
  9678 | D:11     | Reached skill level 6 in Spellcasting
  9813 | D:11     | Found a gate leading to a gauntlet.
  9835 | Gauntlet | Entered a Gauntlet
  9835 | Gauntlet | Found a transporter.
  9835 | Gauntlet | Found a transporter.
  9836 | Gauntlet | Noticed a shining eye
  9855 | Gauntlet | Found a transporter.
  9855 | Gauntlet | Found a transporter.
  9859 | Gauntlet | Noticed a thrashing horror
  9869 | Gauntlet | Found a transporter.
  9871 | Gauntlet | Found a transporter.
  9884 | Gauntlet | Found a transporter.
  9896 | Gauntlet | Noticed an occultist
  9899 | Gauntlet | Noticed an arcanist
  9900 | Gauntlet | Found a transporter.
  9916 | Gauntlet | Noticed a death yak
  9917 | Gauntlet | Noticed a death yak
  9918 | Gauntlet | Noticed a death yak
  9919 | Gauntlet | Noticed a necromancer
  9921 | Gauntlet | Noticed a death yak
  9922 | Gauntlet | Noticed a death yak
  9925 | Gauntlet | Found a transporter.
  9925 | Gauntlet | Found a transporter.
  9925 | Gauntlet | Found a transporter.
  9976 | Gauntlet | Found a transporter.
 10053 | Gauntlet | Gained mutation: You are clumsy. (Dex -2) [a shining eye]
 10063 | Gauntlet | Gained mutation: You occasionally lose the ability to read
                  | scrolls when taking damage. [a shining eye]
 10065 | Gauntlet | Killed a shining eye
 10095 | Gauntlet | Killed a thrashing horror
 10096 | Gauntlet | Reached skill level 8 in Summonings
 10152 | Gauntlet | HP: 21/87 [meliai/+0 broad axe (5)]
 10152 | Gauntlet | HP: 8/87 [meliai/+0 broad axe (13)]
 10152 | Gauntlet | Killed from afar by a meliai

Illustrated notes

Levels and vault maps discovered:
D:1:      lightli_iron_boxes, layout_loops_cross, minivault_19
D:2:      layout_loops_ring, basic_altar, chequers_serial_rivers_room_a,
          uniq_crazy_yiuf_cottage, uniq_terence
D:3:      layout_basic, nicolae_uskayaw_dance_hall,
          mainiacjoe_overflow_24_doors, corexii_leaking_fountain,
          wad_floor_pattern_1, minmay_divided_ellipse
D:4:      minmay_door_path, layout_loops_corners, temple_hall,
          hangedman_decor_lopped, minmay_box_of_dots
D:5:      layout_basic, nicolae_overflow_crystal_walls
D:6:      layout_cave_pools, elyvilon_altar_1
D:7:      layout_rooms, mainiacjoe_overflow_alcove_1,
          wander_guarded_unrand_ratskin
D:8:      layout_cave_pods, amcnicky_altar_gilded,
          nicolae_overflow_hidden_temple, mainiacjoe_overflow_chevrons,
          serial_park, serial_park_tiny_2, serial_park_tiny_1,
          serial_park_square2, uniq_pikel
D:9:      layout_gridville, orc_0_dummy
D:10:     layout_loops_cross, nicolae_qazlal_general_emergency,
          grunt_temple_overflow_open, minmay_lair_entry_grove,
          nicolae_trove_entry_columns, serial_nicolae_subway,
          nicolae_sub_station_metal, nicolae_sub_station_crystal,
          nicolae_sub_station_stone
D:11:     layout_loops_corners, gauntlet_entry_generic, small_statue_alley_a
Temple:   corrupted_temple
Gauntlet: gammafunk_gauntlet_hard_choice [gammafunk_gauntlet_arena_grid,
          gammafunk_gauntlet_arena_arrow_garden, gammafunk_gauntlet_arena_open,
          nicolae_gauntlet_arena_grate_2, nicolae_gauntlet_arena_blocks,
          gammafunk_gauntlet_arena_chambers, gauntlet_exit_watery]

Skill      XL: |  1  2  3  4  5  6  7  8  9 10 11 |
---------------+----------------------------------+-----
Fighting       | 1 2 3 4 5 6 7 8 |  8.7
Polearms       | 1 2 3 4 5 6 |  6.9
Evocations     | 2 3 4 5 7 8 9 |  9.5
Spellcasting   | 2 3 4 5 6 |  6.1
Dodging        | 2 3 4 5 6 |  6.4
Summonings     | 5 6 7 8 |  8.0
Stealth        | |  1.5

Action                     |  1- 3 |  4- 6 |  7- 9 | 10-12 || total
---------------------------+-------+-------+-------+-------++-------
  Melee: Unarmed           |    24 |       |       |       ||    24
         Dagger            |    12 |    15 |       |       ||    27
         Mace              |    10 |     5 |       |       ||    15
         Demon trident     |       |    39 |   149 |   253 ||   441
         Demon blade       |       |    26 |    22 |       ||    48
         Flail             |       |     6 |       |       ||     6
         Spear             |       |       |   103 |   249 ||   352
   Fire: Sling             |    75 |       |       |       ||    75
  Throw: Dart              |       |     2 |       |       ||     2
         Javelin           |       |     1 |       |       ||     1
   Cast: Summon Small Mamm |    10 |     1 |       |       ||    11
         Call Imp          |     3 |     1 |       |       ||     4
  Evoke: Wand              |       |       |       |     2 ||     2
    Use: Scroll            |       |    11 |     6 |     5 ||    22
   Stab: Distracted        |     1 |       |       |     1 ||     2
         Sleeping          |     1 |     4 |     7 |     1 ||    13
 Armour: Robe              |    37 |       |       |       ||    37
         Ring mail         |     6 |    12 |       |       ||    18
         Leather armour    |       |    18 |    96 |   126 ||   240
         Troll leather arm |       |       |       |    26 ||    26
  Dodge: Dodged            |    48 |    19 |    65 |    99 ||   231

Table legend: (Time is in decaauts)
 A = Elapsed time spent in this place.
 B = Non-inter-level travel time spent in this place.
 C = Inter-level travel time spent in this place.
 D = Time resting spent in this place.
 E = Time spent auto-exploring this place.
 F = Levels seen in this place.
 G = Mean time per level.
                   A        B        C        D        E       F      G
               +--------+--------+--------+--------+--------+-----+--------+
         Total |  10184 |   9574 |    610 |      2 |   7765 |  13 |  783.4 |
       Dungeon |   9870 |   9261 |    609 |      2 |   7572 |  11 |  897.3 |
        Temple |      2 |      2 |      0 |      0 |      1 |   1 |    2.0 |
      Gauntlet |    311 |    311 |      0 |      0 |    192 |   1 |  311.0 |
               +--------+--------+--------+--------+--------+-----+--------+

Top non-repeatable levels by time:
     D:4: 1238 daAuts
    D:10: 1079 daAuts
     D:7: 1051 daAuts
     D:1: 1038 daAuts
     D:2: 1036 daAuts
     D:8: 1004 daAuts
     D:3: 943 daAuts
     D:9: 838 daAuts
     D:6: 734 daAuts
     D:5: 729 daAuts
Gauntlet: 311 daAuts
    D:11: 175 daAuts
  Temple: 2 daAuts

Levels and vault maps discovered:
D:1:      lightli_iron_boxes, layout_loops_cross, minivault_19
D:2:      layout_loops_ring, basic_altar, chequers_serial_rivers_room_a,
          uniq_crazy_yiuf_cottage, uniq_terence
D:3:      layout_basic, nicolae_uskayaw_dance_hall,
          mainiacjoe_overflow_24_doors, corexii_leaking_fountain,
          wad_floor_pattern_1, minmay_divided_ellipse
D:4:      minmay_door_path, layout_loops_corners, temple_hall,
          hangedman_decor_lopped, minmay_box_of_dots
D:5:      layout_basic, nicolae_overflow_crystal_walls
D:6:      layout_cave_pools, elyvilon_altar_1
D:7:      layout_rooms, mainiacjoe_overflow_alcove_1,
          wander_guarded_unrand_ratskin
D:8:      layout_cave_pods, amcnicky_altar_gilded,
          nicolae_overflow_hidden_temple, mainiacjoe_overflow_chevrons,
          serial_park, serial_park_tiny_2, serial_park_tiny_1,
          serial_park_square2, uniq_pikel
D:9:      layout_gridville, orc_0_dummy
D:10:     layout_loops_cross, nicolae_qazlal_general_emergency,
          grunt_temple_overflow_open, minmay_lair_entry_grove,
          nicolae_trove_entry_columns, serial_nicolae_subway,
          nicolae_sub_station_metal, nicolae_sub_station_crystal,
          nicolae_sub_station_stone
D:11:     layout_loops_corners, gauntlet_entry_generic, small_statue_alley_a
Temple:   corrupted_temple
Gauntlet: gammafunk_gauntlet_hard_choice [gammafunk_gauntlet_arena_grid,
          gammafunk_gauntlet_arena_arrow_garden, gammafunk_gauntlet_arena_open,
          nicolae_gauntlet_arena_grate_2, nicolae_gauntlet_arena_blocks,
          gammafunk_gauntlet_arena_chambers, gauntlet_exit_watery]

Table legend: (Time is in decaauts)
 A = Elapsed time spent in this place.
 B = Non-inter-level travel time spent in this place.
 C = Inter-level travel time spent in this place.
 D = Time resting spent in this place.
 E = Time spent auto-exploring this place.
 F = Levels seen in this place.
 G = Mean time per level.
                   A        B        C        D        E       F      G
               +--------+--------+--------+--------+--------+-----+--------+
         Total |  10184 |   9574 |    610 |      2 |   7765 |  13 |  783.4 |
       Dungeon |   9870 |   9261 |    609 |      2 |   7572 |  11 |  897.3 |
        Temple |      2 |      2 |      0 |      0 |      1 |   1 |    2.0 |
      Gauntlet |    311 |    311 |      0 |      0 |    192 |   1 |  311.0 |
               +--------+--------+--------+--------+--------+-----+--------+

Top non-repeatable levels by time:
     D:4: 1238 daAuts
    D:10: 1079 daAuts
     D:7: 1051 daAuts
     D:1: 1038 daAuts
     D:2: 1036 daAuts
     D:8: 1004 daAuts
     D:3: 943 daAuts
     D:9: 838 daAuts
     D:6: 734 daAuts
     D:5: 729 daAuts
Gauntlet: 311 daAuts
    D:11: 175 daAuts
  Temple: 2 daAuts

Table legend:
 A = Kills in this place as a percentage of kills in the entire game.
 B = Kills by you in this place as a percentage of kills by you in the entire game.
 C = Kills by friends in this place as a percentage of kills by friends in the entire game.
 D = Other kills in this place as a percentage of other kills in the entire game.
 E = Experience gained in this place as a percentage of experience gained in the entire game.
 F = Experience gained in this place divided by the number of levels of this place that you have seen.
                   A       B       C       D       E      F
               +-------+-------+-------+-------+-------+----------------------
         Total | 100.0 | 100.0 | 100.0 |   N/A | 100.0 | 1226.0
       Dungeon |  97.2 |  97.1 | 100.0 |   N/A |  84.1 | 1218.3
      Gauntlet |   2.8 |   2.9 |   0.0 |   N/A |  15.9 | 2537.0
               +-------+-------+-------+-------+-------+----------------------
